 Dungeon Crawl Stone Soup version 0.31-a0-1074-g0b22e4e0f1 (webtiles) character file.

Game seed: 12284176817139098816

3507 javelincjr the Mimic (level 9, -3/70 (76) HPs)
             Began as a Troll Shapeshifter on Nov 27, 2023.
             Was a Priest of Trog.
             Slain by a wyvern (17 damage)
             ... on level 8 of the Dungeon.
             The game lasted 00:22:57 (5119 turns).

javelincjr the Mimic (Troll Shapeshifter)           Turns: 5119, Time: 00:22:57

HP:   -3/70 (76)    AC:  6    Str: 28    XL:     9   Next: 81%
MP:   8/8           EV:  9    Int:  6    God:    Trog [***...]
Gold: 282           SH:  0    Dex:  9    Spells: 8/8 levels left

rFire   + +          .
                       - Unarmed
rCold   + . .        (shield currently unavailable)
rNeg    . . .        a - +0 animal skin
rPois   .            (helmet restricted)
rElec   .            n - scarf {rC+ rF+}
rCorr   .            (gloves unavailable)
SInv    +            (boots unavailable)
Will    ++...        (no amulet)
Stlth   +            k - ring of protection from fire
HPRegen 2.11/turn    q - ring of see invisible
MPRegen 0.11/turn

%: no passive effects
@: lethally poisoned (-3 -> -4), flux-form, strong-willed, mesmerised,
regenerating, glowing, drained
A: glow, contaminating, large, unfitting armour, claws 3, regeneration 1, shaggy
fur 1, tough skin 1, iridescent scales 1, wild magic 1
a: Begin Untransformation, Renounce Religion, Berserk, Trog's Hand


You were on level 8 of the Dungeon.
You worshipped Trog.
Trog was most pleased with you.
You were something dangerously unstable.
You visited 1 branch of the dungeon, and saw 8 of its levels.

You collected 282 gold pieces.

Inventory:

Hand Weapons
 t - a +1 whip of distortion
 u - a +1 whip of distortion
 x - a +0 halberd
 F - a +2 orcbow of flaming
Missiles
 e - 88 stones
 v - 17 poisoned darts
 w - 4 curare-tipped darts
Armour
 a - a +0 animal skin (worn)
 n - a scarf of resistance (worn)
Jewellery
 k - a ring of protection from fire (left claw)
 q - a ring of see invisible (right claw)
 s - a ring of positive energy
Talismans
 c - a beast talisman
 d - a flux talisman (active)
Wands
 z - a wand of flame (14)
 B - a wand of charming (7)
 E - a wand of iceblast (3)
Scrolls
 f - 4 scrolls of silence
 g - 2 scrolls of enchant weapon
 h - 2 scrolls of revelation {unknown}
 i - 2 scrolls of enchant armour {unknown}
 l - 2 scrolls of amnesia {unknown}
 m - 3 scrolls of teleportation
 o - a scroll of brand weapon {unknown}
 p - 2 scrolls of fog {unknown}
 r - a scroll of poison {unknown}
 y - 2 scrolls of noise {unknown}
 C - 3 scrolls of identify
Potions
 b - 2 potions of lignification
 j - 2 potions of brilliance
 A - a potion of heal wounds {unknown}
 D - a potion of magic {unknown}
 G - a potion of curing {unknown}


   Skills:
 - Level 1.0 Fighting
 - Level 1.5 Dodging
 - Level 3.0 Unarmed Combat
 * Level 13.1 Shapeshifting


You had 8 spell levels left.
You didn't know any spells.
Your spell library was empty.

Dungeon Overview and Level Annotations

Branches:
Dungeon (8/15)             Temple (0/1) D:4
   Lair: D:8-11

Altars:
Trog

Annotations:
D:8 Maggie


Innate Abilities, Weirdness & Mutations

You are something dangerously unstable.
You glow with magical radiation, making you easy to see and hit.
Foes you strike become dangerously contaminated with magical radiation.
You are incapable of wielding weapons or throwing items.
You are too large for most types of armour.
You have claws for hands.
Your natural rate of healing is unusually fast.
You are covered in fur. (AC +1)
You have tough skin. (AC +1)
You are partially covered in iridescent scales. (AC +2)
Your spells are a little harder to cast, but a little more powerful.


Message History

You scratch Maggie.
Maggie glows dangerously bright.
Maggie is moderately wounded.
The wyvern bites you. The water moccasin bites you.
A yak comes into view.
Maggie hits you with a +2 long sword of draining.
You feel drained.
The wyvern bites you but does no damage.
The water moccasin closely misses you.
You scratch Maggie.
Maggie shudders as magic cascades through her!
Maggie twists and deforms.
Maggie is heavily wounded.
A nearby plant withers and dies.
The wyvern misses you. The white imp gestures at you.
The puff of frost hits you. You resist. Maggie closely misses you.
A yak comes into view.
The yak snorts and paws the ground.
The water moccasin closely misses you.
Your skin crawls.
You feel strong-willed. The wyvern bites you.
The water moccasin closely misses you. The yak gores you!
Maggie gives herself a magical halo, but it quickly sputters out.
Maggie hits you with a +2 long sword of draining!
You feel drained. The wyvern bites you!
* * * LOW HITPOINT WARNING * * *
You scratch Maggie.
Maggie begins to glow.
Maggie is severely wounded.
The water moccasin closely misses you. The wyvern barely misses you.
The yak closely misses you. Maggie hits you but does no damage.
You feel drained.
A yak comes into view.
The water moccasin bites you.
* * * LOW HITPOINT WARNING * * *
You are poisoned.
The water moccasin poisons you!
The yak bellows!
You scratch Maggie.
Maggie glows dangerously bright.
Maggie is severely wounded.
You feel sick. The wyvern bites you!
You die...

#.........
#.........
##.........
..........
#.........
#.........
#.5Y......
#.pl.....P
#.@S.l....
##..♣♣Y...
###P


PP. .. . ..Y ... ..Y. You could see Maggie (mesmerising, heavy contam,
misshapen), 4 yaks, a basilisk, a water moccasin, a wyvern and a white imp.

Vanquished Creatures
  Pikel (D:4)
  The ghost of Sundig the Shield-Bearer, a novice FoFi (D:4)
  Grinder (D:5)
  Sigmund (D:3)
  A water moccasin (D:3)
  A sky beast (D:6)
  2 ogres
  2 centaurs
  A lemure (D:4)
  A phantom (D:5)
  3 kobold brigands
  Blork the orc (D:5)
  A bullfrog (D:6)
  A scorpion (D:5)
  A water moccasin zombie (D:5)
  2 wyvern zombies (D:5)
  3 howler monkeys
  A centaur zombie (D:5)
  7 orc priests
  3 hounds
  3 iguanas (D:5)
  4 jellies
  4 sleepcaps
  8 orc wizards
  A killer bee zombie (D:5)
  A hound zombie (D:5)
  Robin (D:3)
  A howler monkey zombie (D:5)
  3 gnolls (D:3)
  10 adders
  A shadow imp (D:4)
  A white imp (D:5)
  2 ufetubi (D:6)
  An adder skeleton (D:5)
  2 worms
  2 dart slugs
  19 orcs
  6 ball pythons
  13 endoplasms
  3 giant cockroaches
  18 goblins
  2 hobgoblins (D:2)
  8 jackals
  21 kobolds
  5 quokkas
  2 frilled lizards
  5 rats
182 creatures vanquished.

Notes
Turn   | Place    | Note
-------+----------+-------------------------------------------
     0 | D:1      | javelincjr the Troll Shapeshifter began the quest for the
                  | Orb.
     0 | D:1      | Reached XP level 1. HP: 18/18 MP: 0/0
    70 | D:1      | Reached skill level 1 in Fighting
    95 | D:1      | Reached XP level 2. HP: 27/27 MP: 1/1
   727 | D:2      | Reached skill level 4 in Shapeshifting
   727 | D:2      | Reached XP level 3. HP: 33/33 MP: 2/2
   743 | D:2      | Found a bloodstained altar of Trog.
   754 | D:2      | Became a worshipper of Trog the Wrathful
  1268 | D:3      | Gained mutation: You are partially covered in iridescent
                  | scales. (AC +2) [potion of mutation]
  1268 | D:3      | Gained mutation: Your spells are a little harder to cast,
                  | but a little more powerful. [potion of mutation]
  1316 | D:3      | Reached * piety under Trog
  1386 | D:3      | Reached XP level 4. HP: 41/41 MP: 3/3
  1427 | D:3      | Noticed a centaur
  1466 | D:3      | Killed a centaur
  1467 | D:3      | Reached skill level 5 in Shapeshifting
  1467 | D:3      | Reached XP level 5. HP: 32/48 MP: 4/4
  1493 | D:3      | Noticed a water moccasin
  1503 | D:3      | Killed a water moccasin
  1504 | D:3      | Reached skill level 6 in Shapeshifting
  1504 | D:3      | Reached XP level 6. HP: 55/55 MP: 5/5
  1562 | D:3      | Noticed Robin
  1566 | D:3      | Killed Robin
  1655 | D:3      | Noticed Sigmund
  1664 | D:3      | Killed Sigmund
  1665 | D:3      | Reached skill level 7 in Shapeshifting
  1772 | D:3      | Reached XP level 7. HP: 57/62 MP: 6/6
  1991 | D:3      | Reached ** piety under Trog
  2168 | D:4      | Noticed Pikel
  2175 | D:4      | Killed Pikel
  2176 | D:4      | Reached skill level 9 in Shapeshifting
  2176 | D:4      | Reached XP level 8. HP: 24/70 MP: 7/7
  2558 | D:4      | Found a runed translucent gate.
  2558 | D:4      | Found a runed translucent gate.
  2558 | D:4      | Found a runed translucent gate.
  2559 | D:4      | Noticed Sundig's ghost (novice FoFi)
  2797 | D:4      | Found a staircase to the Ecumenical Temple.
  2875 | D:4      | Killed Sundig's ghost
  2876 | D:4      | Reached skill level 10 in Shapeshifting
  2961 | D:5      | Entered Level 5 of the Dungeon
  3154 | D:5      | Noticed Blork the orc
  3234 | D:6      | Reached skill level 11 in Shapeshifting
  3291 | D:5      | Killed Blork the orc
  3292 | D:5      | Reached XP level 9. HP: 76/76 MP: 8/8
  3350 | D:5      | Noticed Grinder
  3375 | D:5      | Killed Grinder
  3431 | D:5      | Reached *** piety under Trog
  3789 | D:5      | Reached skill level 12 in Shapeshifting
  4682 | D:7      | Reached **** piety under Trog
  4749 | D:7      | Reached skill level 13 in Shapeshifting
  5109 | D:8      | Noticed Maggie
  5119 | D:8      | Slain by a wyvern

Illustrated notes

Levels and vault maps discovered:
D:1:      lightli_arrival_statue_moat, layout_loops_ring
D:2:      layout_basic, serial_corexii_hall, chequers_hall_statues_wall_a,
          corexii_hall_statues_t, basic_altar
D:3:      minmay_chambers_of_twos, layout_basic, uniq_robin, uniq_sigmund
D:4:      layout_loops_ring, minmay_temple_entry_proselytizer,
          gammafunk_ghost_nasty_kobolds, uniq_pikel
D:5:      layout_loops_ring, serial_undead, serial_undead_e, serial_undead_a,
          serial_undead_f, serial_undead_d, serial_undead_d, serial_undead_c,
          uniq_grinder, uniq_blork_the_orc
D:6:      layout_gridville
D:7:      layout_rooms
D:8:      layout_cave_pods, yredelemnul_forgotten_temple_becter,
          minmay_lair_entry_grove, uniq_maggie, uniq_psyche

Skill      XL: |  1  2  3  4  5  6  7  8  9 |
---------------+----------------------------+-----
Fighting       | 1 |  1.0
Shapeshifting  | 4 5 6 7 9 11 13 | 13.1
Dodging        | |  1.5
Unarmed Combat | |  3.0

Action                     |  1- 3 |  4- 6 |  7- 9 || total
---------------------------+-------+-------+-------++-------
  Melee: Unarmed           |    81 |    70 |   423 ||   574
         Punch             |     2 |       |       ||     2
 Invoke: Berserk           |       |     2 |     3 ||     5
         Trog's Hand       |       |       |     5 ||     5
    Use: Scroll            |     3 |       |     2 ||     5
         Potion            |     1 |       |     1 ||     2
 Armour: Animal skin       |    49 |    50 |   390 ||   489
  Dodge: Dodged            |    32 |    31 |   221 ||   284
   Form: Flux              |       |       |     1 ||     1

Table legend: (Time is in decaauts)
 A = Elapsed time spent in this place.
 B = Non-inter-level travel time spent in this place.
 C = Inter-level travel time spent in this place.
 D = Time resting spent in this place.
 E = Time spent auto-exploring this place.
 F = Levels seen in this place.
 G = Mean time per level.
                   A        B        C        D        E       F      G
               +--------+--------+--------+--------+--------+-----+--------+
         Total |   5128 |   4953 |    175 |    147 |   3579 |   8 |  641.0 |
       Dungeon |   5128 |   4953 |    175 |    147 |   3579 |   8 |  641.0 |
               +--------+--------+--------+--------+--------+-----+--------+

Top non-repeatable levels by time:
     D:3: 882 daAuts
     D:4: 824 daAuts
     D:5: 820 daAuts
     D:6: 747 daAuts
     D:1: 722 daAuts
     D:7: 561 daAuts
     D:2: 561 daAuts
     D:8: 9 daAuts
